 Dungeon Crawl Stone Soup version 0.28-a0-906-g0406aca7d3 (webtiles) character file.

Game seed: 13439244140835878399

278 bande the Covered (level 6, 0/39 HPs)
             Began as a Gargoyle Fighter on Nov 24, 2021.
             Slain by a sky beast (1 damage)
             ... on level 4 of the Dungeon.
             The game lasted 00:03:59 (4182 turns).

bande the Covered (Gargoyle Fighter)                Turns: 4182, Time: 00:03:59

Health: 0/39       AC: 19    Str: 20    XL:     6   Next: 26%
Magic:  6/6        EV:  7    Int:  9    God:
Gold:   110        SH:  4    Dex: 10    Spells: 5/5 levels left

rFire   + . .      SeeInvis .   a - +1 war axe
rCold   . . .      Faith    .   c - +0 buckler
rNeg    + . .      Spirit   .   n - +0 chain mail
rPois   ∞          Reflect  .   e - +0 helmet
rElec   +          Harm     .   (no cloak)
rCorr   .          Rampage  .   (no gloves)
Will    .....                   (no boots)
Stlth   ..........              (no amulet)
HPRegen 0.13/turn               k - ring of protection from fire
MPRegen 0.10/turn               m - +4 ring of protection

@: mighty
A: sickness immunity, AC +4, negative energy resistance 1, electricity
resistance, torment resistance 1, petrification resistance
a: no special abilities


You were on level 4 of the Dungeon.
You visited 1 branch of the dungeon, and saw 4 of its levels.

You collected 110 gold pieces.

Inventory:

Hand Weapons
 a - a +1 war axe (weapon)
 i - a +0 morningstar
Armour
 b - a +0 kite shield
 c - a +0 buckler (worn)
 e - a +0 helmet (worn)
 n - a +0 chain mail (worn)
Jewellery
 k - a ring of protection from fire (left hand)
 m - a +4 ring of protection (right hand)
Potions
 d - a potion of might
 g - 4 potions of degeneration {unknown}
 h - a potion of heal wounds {unknown}
 l - a potion of curing {unknown}


   Skills:
 + Level 4.3 Fighting
 + Level 4.1 Axes
 + Level 4.6 Armour
 + Level 4.0 Shields


You had 5 spell levels left.
You didn't know any spells.
Your spell library was empty.

Dungeon Overview and Level Annotations

Branches:
Dungeon (4/15)
 Temple: D:4-7

Altars:
Zin

Shops:
D:1 (   D:2 (


Innate Abilities, Weirdness & Mutations

You are immune to sickness and miasma.
Your stone body is resilient. (AC +4)
You are immune to poison.
You resist negative energy. (rN+)
You are resistant to electric shocks. (rElec)
You are resistant to unholy torment.
You are immune to petrification.


Message History

The adder bites you but does no damage. Something hits you but does no damage.
The wight barely misses you.
You miss something. You closely miss the adder. You block the adder's attack.
Something hits you but does no damage. The adder bites you but does no damage.
The wight hits you but does no damage.
You miss something. You miss the adder. You block the adder's attack.
Something hits you but does no damage. The wight closely misses you.
Something hits you but does no damage. The adder barely misses you.
Unknown command.
You closely miss something. You barely miss the worm. You slash the adder!
You kill the adder!
The wight hits you from afar with a +0 trident.
Something hits you but does no damage.
Unknown command.
Your chain mail prevents you from hitting something.
You hit the iguana but do no damage. You slash the worm!
You kill the worm!
The wight barely misses you. The iguana bites you!
* * * LOW HITPOINT WARNING * * *
Something hits you but does no damage. You block the wight's attack.
The iguana completely misses you.
Your Shields skill increases to level 4!
You barely miss something. You hit the iguana.
Something hits you but does no damage. The wight hits you but does no damage.
The iguana bites you but does no damage.
Something hits you but does no damage.
You feel very mighty all of a sudden.
The wight hits you from afar with a +0 trident.
* * * LOW HITPOINT WARNING * * *
The iguana bites you but does no damage.
Something hits you but does no damage.
Unknown command.
You miss something. You barely miss the iguana.
The wight hits you from afar with a +0 trident.
* * * LOW HITPOINT WARNING * * *
The iguana bites you but does no damage.
Something hits you.
* * * LOW HITPOINT WARNING * * *
Something shocks you. You resist.
You die...

..###.. .....##.
.......##.#....
....#.#.....#
..)......#.# ..
#..#..#...# #. ...
#.#..?.# .. ....
#..)z#.##.#.>
#..##..l{........
#..#...†@...#.##.
#..#........# #..
#.....##.## . ..
##....###... .. .
#.....##...## ...
#.....#.....### ...#
#...#.....#....#.....
#....##....#).........
...#.#
#......[.......#


You could see an iguana and a wight.

Vanquished Creatures
  Menkaure (D:4)
  2 orc priests (D:3)
  A hound skeleton (D:2)
  3 adders
  A white imp (D:3)
  A worm (D:4)
  A dart slug (D:3)
  5 orcs
  3 endoplasms
  5 giant cockroaches
  7 goblins
  5 hobgoblins
  4 jackals
  A quokka (D:3)
  3 bats
  A frilled lizard (D:1)
  2 kobolds
  2 rats (D:2)
48 creatures vanquished.

Vanquished Creatures (others)
  3 plants (D:3)
3 creatures vanquished.

Grand Total: 51 creatures vanquished

Notes
Turn   | Place    | Note
-------+----------+-------------------------------------------
     0 | D:1      | bande the Gargoyle Fighter began the quest for the Orb.
     0 | D:1      | Reached XP level 1. HP: 14/14 MP: 1/1
   377 | D:1      | Found Fitymik's Antique Weapon Boutique.
   468 | D:1      | Found a faded altar of an unknown god.
   489 | D:1      | Reached XP level 2. HP: 13/19 MP: 2/2
  1213 | D:2      | Found Epraot's Weapon Shoppe.
  1628 | D:2      | Reached XP level 3. HP: 18/24 MP: 3/3
  2390 | D:3      | Reached XP level 4. HP: 13/29 MP: 4/4
  2973 | D:3      | Found a glowing silver altar of Zin.
  3167 | D:3      | Reached XP level 5. HP: 26/33 MP: 5/5
  4160 | D:4      | Noticed Menkaure
  4161 | D:4      | Noticed a sky beast
  4171 | D:4      | Killed Menkaure
  4172 | D:4      | Reached XP level 6. HP: 22/39 MP: 6/6
  4182 | D:4      | HP: 1/39 [something (2)]
  4182 | D:4      | Slain by a sky beast

Illustrated notes

Levels and vault maps discovered:
D:1:      doesnt_arrival_eight_statues, layout_basic,
          ebering_ecumenical_altar_abandoned, serial_shops, shop
D:2:      layout_basic, serial_shops, nicolae_shop_bloodbath_and_beyond
D:3:      minmay_general_purpose_star, layout_loops_ring, marbit_many_paths,
          serial_forest, infiniplex_forest_diagonal, infiniplex_forest_corner_1,
          infiniplex_forest_clump_curved, infiniplex_forest_fountain,
          infiniplex_forest_straight_4, infiniplex_forest_lined_room_2,
          infiniplex_forest_end_3, chequers_serial_rivers_large_a
D:4:      layout_cave_pools, minmay_temple_entry_poolview, gammafunk_ghost_icy,
          grunt_decor_clamped, chequers_mini_garden, minmay_door_square,
          minmay_fractal_squares_5, uniq_menkaure

Skill      XL: |  1  2  3  4  5  6 |
---------------+-------------------+-----
Axes           | 2 3 4 |  4.1
Armour         | 4 |  4.6
Fighting       | 4 |  4.3
Shields        | 4 |  4.0

Action                   |  1- 3 |  4- 6 || total
-------------------------+-------+-------++-------
Melee: War axe           |    91 |    61 ||   152
  Use: Scroll            |     5 |     2 ||     7
       Potion            |       |     1 ||     1
Armor: Scale mail        |    47 |    34 ||    81
       Chain mail        |       |    32 ||    32
Dodge: Dodged            |    51 |    38 ||    89
Block: Buckler           |    29 |    22 ||    51

Table legend: (Time is in decaauts)
 A = Elapsed time spent in this place.
 B = Non-inter-level travel time spent in this place.
 C = Inter-level travel time spent in this place.
 D = Time resting spent in this place.
 E = Time spent auto-exploring this place.
 F = Levels seen in this place.
 G = Mean time per level.
                   A        B        C        D        E       F      G
               +--------+--------+--------+--------+--------+-----+--------+
         Total |   4246 |   4067 |    179 |    988 |   2604 |   4 | 1061.5 |
       Dungeon |   4246 |   4067 |    179 |    988 |   2604 |   4 | 1061.5 |
               +--------+--------+--------+--------+--------+-----+--------+

Top non-repeatable levels by time:
     D:3: 1944 daAuts
     D:1: 1196 daAuts
     D:2: 1041 daAuts
     D:4: 63 daAuts
